AoeStats
← Icewind

Pilgrims

509091889Analyzed
2v2 RM · 8d ago on Sep 25, 2026· 49m 34s· 4 players
Game mode
Random Map
Map size
Medium (4 player)
Population
200
Speed
Normal
Resources
Standard
Victory
Conquest
Starting age
Dark Age
Ending age
Imperial Age
RankedLock teamsTeams togetherTeam positionsShared explorationLock speedFull tech treeHidden civsTurbo modeCheats
Victory
Defeat
🇸🇪 Danes · Sweden
1141
+16
🇬🇧 Dravidians · United Kingdom
1098
+17
🇨🇿 Romans · Czechia
1147
-17
🇨🇿 Bulgarians · Czechia
1112
-16
s m i f f y
10:39 Feudal Age
11:19 Loom
18:00 Castle Age
20:05 Medium Warships
29:02 Imperial Age
30:47 Fletching
32:32 Bodkin Arrow
35:53 Padded Archer Armor
36:53 Fishing Lines
37:23 Double-Bit Axe
37:39 Town Watch
39:56 Thumb Ring
40:38 Conscription
41:16 Bracer
41:32 Leather Archer Armor
41:48 Gillnets
43:06 Ballistics
42:58 Fortified Wall
44:00 Wheelbarrow
43:26 Town Patrol
44:39 Ring Archer Armor
48:41 Elite Elephant Archer
MehTy
6:43 Loom
9:53 Feudal Age
14:16 Fletching
21:22 Castle Age
21:30 Fishing Lines
24:19 Bodkin Arrow
28:12 Gillnets
33:45 Imperial Age
32:02 Forging
31:53 Scale Mail Armor
37:11 Onager
43:15 Northmen's Fury
44:30 Siege Engineers
Hugo Tuxovic
6:55 Loom
9:50 Feudal Age
19:48 Castle Age
21:35 Fletching
31:24 Horse Collar
32:32 Bodkin Arrow
32:43 Scale Barding Armor
36:46 Imperial Age
Icewind
6:58 Loom
11:50 Feudal Age
21:03 Castle Age
18:56 Man-at-Arms
22:15 Long Swordsman
22:55 Squires
27:26 Double-Bit Axe
27:25 Horse Collar
32:03 Bow Saw
34:28 Scale Barding Armor
39:57 Imperial Age
40:07 Wheelbarrow
43:44 Imperial Age
41:43 Ballistas
44:03 Hand Cart
44:19 Capped Ram
44:54 Heavy Scorpion
47:33 Ballistas
48:58 Ballistics
Connection lost

Rejoining the realm…

Still unreachable

The connection could not be restored.

Session expired

The server has moved on; the page needs a fresh start.